 Dungeon Crawl Stone Soup version 0.16-a0-4053-g5391420 (console) character file.

338 Monkaria the Slasher (level 6, -4/44 HPs)
             Began as a Minotaur Chaos Knight on Feb 20, 2015.
             Slain by an ogre
             ... wielding a +0 giant spiked club
             ... summoned by Xom
              (15 damage)
             ... on level 4 of the Dungeon.
             The game lasted 00:07:43 (3185 turns).

Monkaria the Slasher (Minotaur Chaos Knight)        Turns: 3185, Time: 00:07:43

Health: -4/44      AC:  7    Str: 21      XL:     6   Next: 29%
Magic:  0/2        EV: 11    Int:  4 (7)  God:    Xom [*.....]
Gold:   197        SH:  0    Dex:  9      Spells: 0 memorised, 5 levels left

rFire  . . .     SeeInvis +     u - -1 hand axe (curse)
rCold  + . .     Clarity  .     b - +3 leather armour
rNeg   . . .     SustAb   .     (no shield)
rPois  .         Gourm    .     (helmet restricted)
rElec  .         Spirit   +     (no cloak)
rCorr  .         Warding  .     (no gloves)
rMut   .         Stasis   .     l - +0 pair of boots
MR     .....                    s - amulet of guardian spirit
Stlth  +.........               (no ring)
                                t - ring of see invisible

@: not resistant to hostile enchantments, very unstealthy
A: retaliatory headbutt, hooves 1, horns 2, cold resistance 1, dopey 1, frail 2,
low mp 1, strong 1
a: Renounce Religion


You were on level 4 of the Dungeon.
You worshipped Xom.
You were a special plaything of Xom.
You were not hungry.

You visited 1 branch of the dungeon, and saw 4 of its levels.

You collected 197 gold pieces.

Inventory:

Hand weapons
 a - a +1 falchion of chaos
 i - a +0 blowgun
 u - a cursed -1 hand axe (weapon)
 v - a +2 dagger of flaming
Missiles
 g - 27 poisoned needles
 w - 3 needles of sleeping
 x - 2 curare-tipped needles
Armour
 b - a +3 leather armour (worn)
 l - a +0 pair of boots (worn)
Jewellery
 s - an amulet of guardian spirit (around neck)
 t - a ring of see invisible (left hand)
Potions
 e - 2 potions of ambrosia
 h - a potion of curing
Comestibles
 c - 3 bread rations
 j - 6 meat rations
 q - 12 fruits


   Skills:
 - Level 5.0 Fighting
 + Level 7.8 Long Blades
 - Level 2.4 Armour
 - Level 1.1 Dodging


You had 5 spell levels left.
You didn't know any spells.

Dungeon Overview and Level Annotations

Branches:
Dungeon (4/15)
 Temple: D:4-7

Altars:
Ashenzari
Xom
The Shining One


Innate Abilities, Weirdness & Mutations

You reflexively headbutt those who attack you in melee.
You have a pair of horns on your head.
You have large cloven feet.
Your flesh is cold resistant.
You are dopey. (Int -2)
You are very frail (-20% HP).
Your magical capacity is low (-10% MP).
Your muscles are strong. (Str +2)


Message History

The worker ant barely misses you.
The ogre hits you with a giant spiked club!!
A shower of butterflies erupts from you!
The worker ant bites you.
You completely miss the ogre. You hit the worker ant.
You kill the worker ant!
The worker ant's corpse disappears in a puff of smoke!
The ogre hits you with a giant spiked club!
* * * LOW HITPOINT WARNING * * *
You hit the ogre.
The ogre is lightly wounded.
You barely miss the giant newt. The giant newt misses you.
The ogre barely misses you.
The giant newt bites you but does no damage.
Unknown command.
You hit the ogre.
The ogre is moderately wounded.
You closely miss the giant newt.
The ogre hits you with a giant spiked club!
You die...

#.# #.####.# *,#.##
#.# #.# #.# *,#.##
#.#################.#
#.# *,#...
..................#.#
#.# *,####
#.###############.#.#
#.# *,#...
..###############.#.#
#.# *,#.#.
..................#.#
#.# *,#.#.
###################.#
#^# *,#.#.
..............bO@l..#
#.# *,#.#.
#####################
#.# *,#.#. #.# *,#.#.
#.# *,#.#. #.# *,#.#.
#.#**,#.## #..,,,#...
******####


You could see an ogre and a giant newt.

Vanquished Creatures
  Purgy (D:4)
  A scorpion (D:4)
  2 orc wizards
  A worker ant (D:4)
  5 adders
  3 worms
  4 oozes
  6 orcs (D:3)
  2 ball pythons
  6 giant cockroaches
  11 hobgoblins
  5 jackals
  A quokka (D:2)
  7 bats
  4 giant newts (D:1)
  5 goblins
  11 kobolds
  7 rats
82 creatures vanquished.

Notes
Turn   | Place    | Note
--------------------------------------------------------------
     0 | D:1      | Monkaria, the Minotaur Chaos Knight, began the quest for the Orb.
     0 | D:1      | Reached XP level 1. HP: 19/19 MP: 1/1
    43 | D:1      | XOM: divination: magic mapping
   104 | D:1      | Reached skill level 4 in Fighting
   109 | D:1      | XOM: divination: detect creatures
   174 | D:1      | Reached XP level 2. HP: 19/28 MP: 1/1
   230 | D:1      | XOM: divination: detect creatures
   243 | D:1      | XOM: scenery: 1 fountains blood, 2 doors close
   412 | D:1      | XOM: colour smoke trail
   420 | D:1      | Reached skill level 5 in Fighting
   586 | D:1      | XOM: divination: detect creatures
   616 | D:1      | Reached XP level 3. HP: 36/36 MP: 2/2
   634 | D:1      | XOM: harmless Erth miscast
   832 | D:2      | Reached XP level 4. HP: 26/42 MP: 2/2
   867 | D:2      | Reached skill level 5 in Long Blades
  1066 | D:2      | XOM: god gift: 18 gold pieces
  1263 | D:3      | Found a glowing golden altar of the Shining One.
  1274 | D:3      | XOM: smoke on damage
  1299 | D:3      | XOM: summons friendly quasit
  1612 | D:3      | XOM: colour smoke trail
  1701 | D:3      | Found a shattered altar of Ashenzari.
  1743 | D:3      | XOM: potion effect (heal wounds)
  1791 | D:3      | XOM: harmless Chrm miscast
  1927 | D:3      | XOM: god gift: 40 gold pieces
  2090 | D:3      | XOM: divination: detect creatures
  2097 | D:3      | Reached XP level 5. HP: 28/48 MP: 1/2
  2098 | D:3      | Reached skill level 6 in Long Blades
  2098 | D:3      | XOM: mild Conj miscast
  2387 | D:4      | Gained mutation: You are partially covered in large bone plates (AC +2, SH +2). [potion of mutation]
  2387 | D:4      | Gained mutation: Your spells are a little harder to cast, but a little more powerful. [potion of mutation]
  2387 | D:4      | Lost mutation: Your spells are a little harder to cast, but a little more powerful. [potion of mutation]
  2388 | D:4      | Gained mutation: Your magical capacity is low (-10% MP). [potion of mutation]
  2388 | D:4      | Gained mutation: You have large cloven feet. [potion of mutation]
  2395 | D:4      | XOM: silly message
  2515 | D:4      | XOM: scenery: create altars
  2770 | D:4      | XOM: enchant monster (bad)
  2896 | D:4      | XOM: give mutations
  2896 | D:4      | Gained mutation: You are dopey. (Int -2) [Xom's mischief]
  2896 | D:4      | Lost mutation: You are partially covered in large bone plates (AC +2, SH +2). [Xom's mischief]
  2896 | D:4      | Gained mutation: You are frail (-10% HP). [Xom's mischief]
  2939 | D:4      | Gained mutation: Your muscles are strong. (Str +2) [potion of beneficial mutation]
  2981 | D:4      | Noticed Purgy
  2990 | D:4      | Reached skill level 7 in Long Blades
  2996 | D:4      | Killed Purgy
  2996 | D:4      | Reached XP level 6. HP: 41/50 MP: 2/2
  3012 | D:4      | XOM: give mutations
  3012 | D:4      | Gained mutation: You are very frail (-20% HP). [Xom's mischief]
  3012 | D:4      | Gained mutation: Your flesh is cold resistant. [Xom's mischief]
  3178 | D:4      | XOM: summons 4 hostile shadow creatures
  3182 | D:4      | XOM: butterfly on damage
  3185 | D:4      | Slain by an ogre

Action                   |  1- 3 |  4- 6 || total
-------------------------+-------+-------++-------
Melee: Falchion          |    97 |    74 ||   171
       Hand axe          |       |    45 ||    45
  Use: Scroll            |       |     9 ||     9
       Potion            |       |     8 ||     8
  Eat: Chunk             |       |     8 ||     8
